 Dungeon Crawl Stone Soup version 0.32-a0-913-g739538afd8 (webtiles) character file.

Game seed: 11802527742404120474

270344 Esekla the Eclecticist (level 19, -29/144 (147) HPs)
             Began as a Demonspawn Wanderer on Apr 6, 2024.
             Was an Initiate of Gozag.
             Annihilated by an orc warlord
             ... wielding a +0 long sword
              (44 damage)
             ... on level 1 of the Vaults on Apr 7, 2024.
             The game lasted 06:00:51 (43323 turns).

Esekla the Eclecticist (Demonspawn Wanderer)       Turns: 43323, Time: 06:00:51

HP:   -29/144 (147) AC: 42    Str: 14    XL:     19   Next: 17%
MP:   21/40         EV: 11    Int: 18    God:    Gozag
Gold: 3517          SH: 21    Dex: 17    Spells: 16/52 levels left

rFire   . . .        f - +9 falchion "Edwal" {flame, rN+}
rCold   . . .        e - +5 tower shield {reflect}
rNeg    + . .        H - +4 leather armour "Zellit" {+Blink rPois Dex+3}
rPois   +            Y - +1 helmet of Lifelessness {Fly rElec Stlth+}
rElec   +            y - +2 cloak {rCorr}
rCorr   +            (gloves unavailable)
SInv    .            m - +0 pair of boots {rampage}
Will    +....        g - amulet of Jonam {Harm RegenMP+ rCorr}
Stlth   ++++         X - +4 ring of protection
HPRegen 2.44/turn    p - +4 ring of protection
MPRegen 0.67/turn

%: harm (+30% outgoing, +20% incoming), reflection, rampage
@: ice-armoured, fugue, radiating poison, gold aura, sanguine armoured, freezing
walls, flying, very slightly contaminated, studying 3 skills, lightly drained
A: claws 3, ignite blood 2, powered by death 2, augmentation 1, sanguine armour
3
}: 2/15 runes: decaying, serpentine
a: Renounce Religion, Evoke Blink, Potion Petition, Call Merchant, Bribe Branch


You were on level 1 of the Vaults.
You worshipped Gozag.
Gozag was most pleased with you.
You visited 8 branches of the dungeon, and saw 33 of its levels.

You collected 14770 gold pieces.
You spent 7465 gold pieces at shops.
You paid 3788 gold pieces to Gozag.

Inventory:

Hand Weapons
 f - the +9 falchion "Edwal" (weapon) {flame, rN+}
   (You found it on level 12 of the Dungeon)

   rN+:       It protects you from negative energy.
 r - a +6 demon trident of electrocution
 s - a +3 vampiric dagger
 v - a +2 dagger of venom
Missiles
 k - 37 poisoned darts (quivered)
 T - 14 curare-tipped darts
 W - 30 boomerangs
Armour
 e - a +5 tower shield of reflection (worn)
 m - a +0 pair of boots of rampaging (worn)
 y - a +2 cloak of preservation (worn)
 H - the +4 leather armour "Zellit" (worn) {+Blink rPois Dex+3}
   (You bought it in a shop on level 15 of the Dungeon)

   Dex+3:     It affects your dexterity (+3).
   rPois:     It protects you from poison.
   +Blink:    It lets you blink.
 J - a +2 robe of resistance
 L - a +2 pair of gloves
 Y - the +1 helmet of Lifelessness (worn) {Fly rElec Stlth+}
   (You bought it in a shop on level 3 of the Dungeon)

   rElec:     It insulates you from electricity.
   Fly:       It grants you flight.
   Stlth+:    It makes you more stealthy.
Magical Staves
 c - a staff of air
Jewellery
 g - the amulet of Jonam (around neck) {Harm RegenMP+ rCorr}
   (You acquired it on level 4 of the Dungeon)

   [amulet of magic regeneration]

   It increases your rate of magic regeneration.
   rCorr:     It protects you from acid and corrosion.
   Harm:      It increases damage dealt and taken.
   RegenMP+:  It increases your rate of magic regeneration.
 j - a ring of fire
 p - a +4 ring of protection (right claw)
 w - a ring of protection from cold
 D - a +6 ring of intelligence
 I - a ring of fire
 U - a ring of protection from fire
 X - a +4 ring of protection (left claw)
Wands
 b - a wand of paralysis (20)
 E - a wand of digging (5)
 F - a wand of roots (42)
 M - a wand of light (21)
 P - a wand of mindburst (8)
 R - a wand of flame (43)
Scrolls
 a - 9 scrolls of teleportation
 d - 2 scrolls of silence
 i - 4 scrolls of poison
 A - 7 scrolls of revelation
 B - 3 scrolls of enchant weapon
 K - a scroll of acquirement
 O - 5 scrolls of blinking
 Q - 3 scrolls of fear
Potions
 h - 2 potions of ambrosia
 l - 6 potions of brilliance
 n - 2 potions of berserk rage
 o - a potion of experience
 q - a potion of heal wounds
 t - 8 potions of curing
 u - 4 potions of invisibility
 x - 2 potions of haste
 z - 4 potions of attraction
 C - 3 potions of might
 S - a potion of magic
 V - 3 potions of resistance
 Z - 2 potions of cancellation
Miscellaneous
 G - a Gell's gravitambourine (2/2)
 N - a lightning rod (4/4)


   Skills:
 * Level 12.5 Fighting
 + Level 3.0(5.5) Short Blades
 + Level 7.3(7.6) Long Blades
 + Level 0.8 Staves
 + Level 3.5 Throwing
 + Level 7.0 Armour
 + Level 7.3 Dodging
 + Level 4.5 Stealth
 + Level 9.6 Shields
 + Level 0.1 Unarmed Combat
 * Level 17.2 Spellcasting
 + Level 8.6 Conjurations
 + Level 8.1 Necromancy
 + Level 1.8 Translocations
 + Level 7.2 Fire Magic
 + Level 9.4 Ice Magic
 * Level 15.5 Air Magic
 + Level 10.1 Alchemy
 * Level 2.0 Evocations


You had 16 spell levels left.
You knew the following spells:

 Your Spells              Type           Power      Damage    Failure   Level
a - Ozocubu's Armour      Ice            49%        N/A       1%          3
d - Vampiric Draining     Necr           44%        2d9       3%          3
k - Airstrike             Air            32%        2d(5-21)  1%          4
n - Ignite Poison         Fire/Alch      46%        N/A       10%         4
p - Apportation           Tloc           42%        N/A       16%         1
r - Frozen Ramparts       Ice            98%        1d15      1%          3
v - Mercury Vapours       Alch/Air       100%       N/A       1%          2
w - Fugue of the Fallen   Necr           44%        N/A       3%          3
x - Olgreb's Toxic Radia  Alch           51%        N/A       4%          4
y - Sticky Flame          Fire/Alch      46%        2d9       10%         4
z - Freezing Cloud        Conj/Ice/Air   27%        6-21      10%         5

Your spell library contained the following spells:

 Spells                   Type           Power      Damage    Failure   Level
 Freeze                   Ice            100%       1d10      1%          1
 Kiss of Death            Conj/Necr      100%       2d13      1%          1
 Magic Dart               Conj           100%       1d8       1%          1
 Necrotise                Necr           100%       1d9       1%          1
 Shock                    Conj/Air       100%       1d9       1%          1
 Sting                    Conj/Alch      100%       1d9       1%          1
 Cigotuvi's Dreadful Rot  Necr/Alch/Air  100%       N/A       1%          2
 Searing Ray              Conj           92%        2d7       1%          2
 Swiftness                Air            64%        N/A       1%          3
 Hailstorm                Conj/Ice       47%        3d10      2%          3
 Fulminant Prism          Conj/Alch      24%        3d12      7%          4
 Flame Wave               Conj/Fire      43%        2d11      13%         4
 Inner Flame              Hex/Fire       28%        N/A       22%         3
 Iskenderun's Battlesphe  Conj           46%        2d10      26%         5
 Sandblast                Erth           30%        2d9       32%         1
 Slow                     Hex            60%        N/A       32%         1
 Summon Small Mammal      Summ           60%        N/A       32%         1
 Fireball                 Conj/Fire      21%        3d10      34%         5
 Conjure Ball Lightning   Conj/Air       28%        3x3d8     34%         6
 Leda's Liquefaction      Alch/Erth      16%        N/A       38%         4
 Teleport Other           Tloc           21%        N/A       43%         3
 Brom's Barrelling Bould  Conj/Erth      30%        2d5       50%         4
 Confusing Touch          Hex            15%        N/A       69%         3
 Metabolic Englaciation   Hex/Ice        16%        N/A       78%         5
 Cause Fear               Hex            7%         N/A       97%         4
 Summon Forest            Summ/Tloc      9%         N/A       99%         5
 Lee's Rapid Deconstruct  Erth           7%         3d7*      100%        5
 Summon Mana Viper        Hex/Summ       15%        N/A       100%        5
 Dispersal                Tloc           10%        N/A       100%        6
 Gell's Gavotte           Tloc           10%        2d(16-23) 100%        6
 Permafrost Eruption      Ice/Erth       16%        2x4d4     100%        6
 Summon Cactus Giant      Summ           7%         N/A       100%        6
 Haunt                    Necr/Summ      15%        N/A       100%        7
 Malign Gateway           Summ/Tloc      9%         N/A       100%        7
 Manifold Assault         Tloc           10%        N/A       100%        7
 Orb of Destruction       Conj           23%        9d8       100%        7
 Borgnjor's Revivificati  Necr           22%        N/A       100%        8
 Disjunction              Tloc           10%        N/A       100%        8
 Summon Horrible Things   Summ           7%         N/A       100%        8
 Chain Lightning          Conj/Air       28%        3d37      100%        9
 Death's Door             Necr           22%        N/A       100%        9
 Dragon's Call            Summ           7%         N/A       100%        9
 Fire Storm               Conj/Fire      21%        8d6       100%        9
 Shatter                  Erth           7%         3d10*     100%        9


Dungeon Overview and Level Annotations

Branches:
Dungeon (15/15)            Temple (1/1) D:4            Lair (5/5) D:9
  Swamp (4/4) Lair:3        Snake (4/4) Lair:3        Slime (0/5) Lair:4
    Orc (2/2) D:12            Elf (0/3) Orc:2        Vaults (1/5) D:13
 Depths (1/4) D:15

Altars:
Ashenzari
Cheibriados
Dithmenos
Fedhas
Gozag
Hepliaklqana
Kikubaaqudgha
Makhleb
Nemelex Xobeh
Okawaru
Qazlal
Ru
Sif Muna
Trog
Uskayaw
Vehumet
Wu Jian
Xom
Yredelemnul
Beogh
Jiyva
Lugonu

Shops:
D:1 (   D:3 [   D:4 *   D:6 [   D:15 [((([   Orc:2 ([=*   Snake:1 :

Portals:
Abyss: Lair:5

Annotations:
D:15 2 transporters, Iluat's ghost, journeyman MDFE
Lair:4 2 transporters, ragingrage's ghost, journeyman OpGl
Snake:1 1 runed translucent door, draino's ghost, journeyman FeSu
Orc:2 3 runed translucent doors, ragingrage's ghost, journeyman BaSh


Innate Abilities, Weirdness & Mutations

You have claws for hands.
Your demonic aura often causes spilled blood to erupt in flames.
You regenerate health from kills.
Your magical and physical power is slightly enhanced at high health.
When seriously injured, your blood forms very thick armour. (AC +12)


Message History

The orc warlord hits you but does no damage.
Casting: Ignite Poison (dangerous; 10% risk of failure)
Confirm with . or Enter, or press ? or * to list all spells.
You miscast Olgreb's Toxic Radiance.
Nothing appears to happen.
The peacekeeper is engulfed in blazing flames.
The wall freezes the peacekeeper but does no damage.
The peacekeeper completely misses you.
The peacekeeper claws you but does no damage.
The wall freezes the peacekeeper but does no damage.
The peacekeeper bites you but does no damage.
You block the peacekeeper's attack.
The peacekeeper is engulfed in blazing flames.
The peacekeeper resists.
The wall freezes the peacekeeper.
The peacekeeper barely misses you. You block the peacekeeper's attack.
The orc warlord is engulfed in blazing flames.
The wall freezes the orc warlord but does no damage.
You block the orc warlord's attack.
Casting: Olgreb's Toxic Radiance (mildly dangerous; 4% risk of failure)
Confirm with . or Enter, or press ? or * to list all spells.
You begin to radiate toxic energy.
The orc knight looks even sicker.
The orc warlord looks as sick as possible!
The wailing of tortured souls fills the air!
You kill the orc sorcerer!
The wall freezes the peacekeeper but does no damage.
The peacekeeper bites you!! The peacekeeper barely misses you.
The wall freezes the peacekeeper but does no damage.
The peacekeeper bites you!
* * * LOW HITPOINT WARNING * * *
The peacekeeper claws you.
* * * LOW HITPOINT WARNING * * *
The peacekeeper is engulfed in blazing flames.
The peacekeeper resists.
The wall freezes the peacekeeper.
The peacekeeper bites you!
* * * LOW HITPOINT WARNING * * *
You block the peacekeeper's attack.
The orc warlord is engulfed in blazing flames.
The wall freezes the orc warlord.
The orc warlord hits you with a +0 long sword!!!
You die...
Your body crumbles into a pile of gold.

..# ..# #... ..#
#... ..# #..#######
..# #..#$...(# ..#
#..#.....# ..#
#..#.$o..# ..#
#..#.o99[#
..#########..###@###
..'.......'..'..°☼.#
..#.......#..'.....#
###.......#..###+###
#.......#..#
#.......#..#
#.......+..#
#.......#..#
#########..#


You could see an orc warlord (strong, extremely poisoned), an orc knight
(strong, very poisoned) and 2 peacekeepers.

Vanquished Creatures
  Vashnia (Snake:3)
  the Lernaean hydra (Swamp:4)
  Saint Roka (Snake:3)
  Rupert (D:15)
  Jorgrun (Swamp:2)
  Mlioglotl (Swamp:3)
  Asterion (Snake:3)
  Aizul (Snake:4)
  Frances (Swamp:1)
  Agnes (Snake:1)
  Roxanne (Snake:2)
  The ghost of Xonepos the Protected, an adept MiFi of Yredelemnul (Swamp:4)
  Kirke (D:12)
  Donald (Snake:3)
  16 nagarajas
  A fenstrider witch (Swamp:2)
  Louise (D:15)
  2 ironbound preservers (Vaults:1)
  A stone giant (D:15)
  3 orc warlords
  2 ironbound thunderhulks (Vaults:1)
  3 eleionomae
  10 bunyips
  4 dire elephants (Vaults:1)
  Azrael (Snake:2)
  Snorg (Lair:5)
  A shambling mangrove (Swamp:3)
  A yaktaur captain (Vaults:1)
  A great orb of eyes (Vaults:1)
  Erolcha (D:10)
  23 hydras
  3 salamander tyrants (Snake:4)
  2 ghost crabs (Swamp:4)
  A catoblepas (D:15)
  3 ogre magi
  7 alligators
  An ironbound frostheart (Vaults:1)
  3 boulder beetles
  6 anacondas
  9 tengu warriors
  5 two-headed ogres
  10 centaur warriors
  Urug (Orc:1)
  16 naga warriors
  2 orc high priests
  2 thrashing horrors (Lair:5)
  14 naga sharpshooters
  5 shock serpents
  Sonja (D:11)
  Amaemon (D:8)
  A skyshark (Lair:4)
  Lodul (D:10)
  A salamander mystic (Snake:4)
  3 goliath frogs
  7 skeletal warriors
  5 sea snakes (Snake:2)
  4 spriggan druids
  5 deep trolls (Vaults:1)
  12 mana vipers
  15 swamp dragons
  6 naga ritualists
  An obsidian bat (Orc:1)
  A bog body (Swamp:2)
  Pikel (D:5)
  2 ironbound convokers (Vaults:1)
  15 orc knights
  A harpy (shapeshifter) (Lair:5)
  3 orc sorcerers
  A manticore (D:11)
  2 deep elf pyromancers (D:14)
  16 ugly things
  Maurice (D:7)
  9 salamanders
  A spectral spriggan (Swamp:4)
  A wolf spider (Lair:2)
  5 will-o-the-wisps
  4 kobold blastminers
  2 large abominations (Lair:5)
  7 cyclopes
  14 elephants (Lair:5)
  A vault sentinel (Vaults:1)
  Joseph (D:10)
  6 guardian serpents
  19 black mambas
  An orange demon (D:8)
  17 naga magi
  14 cane toads
  A gargoyle (D:12)
  2 torpor snails (Lair:5)
  8 yaktaurs
  An unseen horror (D:12)
  Jeremiah (D:8)
  2 centaur skeletons (D:13)
  3 kobold demonologists
  4 rime drakes (Lair:1)
  A tengu conjurer (D:14)
  8 komodo dragons
  7 tyrant leeches
  2 polar bears
  3 bloated husks
  A hornet (shapeshifter) (Lair:5)
  7 trolls
  12 hornets
  A jumping spider (shapeshifter) (Lair:5)
  23 dream sheep
  27 blink frogs
  A raiju (Lair:5)
  2 vampires
  19 slime creatures
  8 spriggans
  57 yaks
  A wyvern (shapeshifter) (Lair:5)
  3 shadows
  2 ynoxinuls (Lair:5)
  3 wraiths
  7 hogs (D:12)
  11 basilisks
  2 wyverns
  2 water elementals (D:13)
  28 vampire mosquitoes
  9 wargs
  2 fire elementals (Snake:2)
  13 swamp worms
  28 nagas
  2 steam dragons (D:7)
  4 acid dragons
  14 water moccasins
  4 hell hounds (Snake:2)
  Duvessa (D:6)
  8 swamp drakes
  A black bear (Lair:2)
  47 orc warriors
  3 sky beasts
  An ice beast (Vaults:1)
  4 laughing skulls (D:14)
  13 wolves
  12 ogres
  A lemure (D:5)
  17 centaurs
  10 kobold brigands
  2 gnoll sergeants
  7 bullfrogs
  13 small abominations (Lair:5)
  4 scorpions
  9 jellies
  Dowan (D:6)
  13 killer bees
  6 electric eels (D:13)
  2 howler monkeys
  3 vampire bats (D:11)
  3 lava snakes (Lair:3)
  6 hounds
  19 orc priests
  3 bombardier beetles
  A gnoll bouda (D:4)
  7 iguanas
  18 orc wizards
  Ijyb (D:5)
  5 hell rats (Lair:2)
  2 boggart skeletons (D:13)
  17 gnolls
  17 adders
  A shadow imp (D:7)
  3 ufetubi
  2 dart slugs
  A ribbon worm (D:3)
  71 orcs
  6 bats
  3 bat skeletons (D:11)
  3 bat zombies (D:11)
  24 endoplasms
  4 giant cockroaches
  5 goblins
  5 hobgoblins
  2 quokkas
  2 ball pythons
  4 frilled lizards
  15 kobolds
  7 rats
1155 creatures vanquished.

Vanquished Creatures (others)
  A spriggan (Swamp:1)
  A naga mage (Snake:3)
  A tyrant leech (Swamp:4)
  2 hornets (Swamp:1)
  A killer bee (D:9)
  An orc wizard (D:13)
  12 foxfires
19 creatures vanquished.

Grand Total: 1174 creatures vanquished

Notes
Turn   | Place    | Note
-------+----------+-------------------------------------------
     0 | D:1      | Esekla the Demonspawn Wanderer began the quest for the Orb.
     0 | D:1      | Esekla set off with the following items: a +0 club, a +0
                  | cloak, a potion of brilliance, a +0 leather armour, a +2
                  | buckler; and the following spell memorised: Kiss of Death;
                  | and the following spells available to memorise: Vampiric
                  | Draining.
     0 | D:1      | Reached XP level 1. HP: 15/15 MP: 4/4
    24 | D:1      | Found Miat's Antique Weapon Emporium.
   368 | D:1      | Gained mutation: When seriously injured, your blood forms
                  | armour. (AC +12) [demonic ancestry]
   368 | D:1      | Reached XP level 2. HP: 15/21 MP: 6/6
   395 | D:1      | Learned a level 2 spell: Mercury Vapours
   747 | D:1      | Reached skill level 1 in Necromancy
  1123 | D:2      | Gained mutation: When seriously injured, your blood forms
                  | thick armour. (AC +12) [demonic ancestry]
  1123 | D:2      | Reached XP level 3. HP: 23/26 MP: 2/7
  1132 | D:2      | Learned a level 3 spell: Vampiric Draining
  1816 | D:3      | Gained mutation: You regenerate a little health from kills.
                  | [demonic ancestry]
  1816 | D:3      | Reached XP level 4. HP: 28/32 MP: 9/9
  2027 | D:3      | Found a snail-covered altar of Cheibriados.
  2382 | D:3      | Found Ruppewn's Armour Shop.
  2469 | D:3      | Reached skill level 1 in Air Magic
  2840 | D:4      | Found a sparkling altar of Nemelex Xobeh.
  2842 | D:4      | Noticed a scorpion
  2877 | D:4      | Found a sacrificial altar of Ru.
  2999 | D:4      | Found Auenk's Alliterative Accessories.
  3172 | D:4      | Found a staircase to the Ecumenical Temple.
  3187 | D:4      | Gained mutation: You regenerate health from kills. [demonic
                  | ancestry]
  3187 | D:4      | Reached XP level 5. HP: 37/38 MP: 10/10
  3205 | D:4      | Reached skill level 1 in Alchemy
  3215 | D:4      | You fall into a shaft and drop 2 floors!
  3259 | D:6      | Noticed an ogre
  3329 | D:6      | Noticed an orc warrior
  3348 | D:6      | Killed an orc warrior
  3349 | D:6      | Reached skill level 1 in Armour
  3349 | D:6      | Gained mutation: When seriously injured, your blood forms
                  | very thick armour. (AC +12) [demonic ancestry]
  3349 | D:6      | Reached XP level 6. HP: 17/44 MP: 7/11
  3723 | D:6      | Reached skill level 4 in Spellcasting
  3893 | D:6      | Reached skill level 1 in Short Blades
  3893 | D:6      | Reached XP level 7. HP: 24/50 MP: 9/13
  4020 | D:6      | Found Ynwemn's Antique Armour Boutique.
  4077 | D:6      | Found a stormy altar of Qazlal.
  4285 | D:6      | Noticed Duvessa
  4285 | D:6      | Noticed Dowan
  4305 | D:6      | Killed Duvessa
  4311 | D:6      | Killed Dowan
  4312 | D:6      | Reached XP level 8. HP: 50/57 MP: 10/14
  4410 | D:6      | Found an opulent altar of Gozag.
  4433 | D:6      | Became a worshipper of Gozag Ym Sagoz the Greedy
  4539 | D:5      | Entered Level 5 of the Dungeon
  4578 | D:5      | Noticed Ijyb
  4788 | Temple   | Entered the Ecumenical Temple
  5315 | D:4      | Reached skill level 5 in Spellcasting
  5560 | D:5      | Identified the +4 spear of the Volcano {drain, Dex+6}
  5714 | D:5      | Found a shadowy altar of Dithmenos.
  5716 | D:5      | Found a hazy altar of Hepliaklqana.
  5919 | D:5      | Killed Ijyb
  5955 | D:5      | Noticed Pikel
  6005 | D:6      | Bought a heavily runed robe for 165 gold pieces
  6005 | D:6      | Identified the +0 robe "Bomnusch" {Regen+ Int-3 Dex-5 SInv}
                  | (You bought it in a shop on level 6 of the Dungeon)
  6011 | D:6      | Learned a level 4 spell: Olgreb's Toxic Radiance
  6135 | D:5      | Killed Pikel
  6136 | D:5      | Reached skill level 1 in Stealth
  6136 | D:5      | Reached skill level 5 in Necromancy
  6136 | D:5      | Gained mutation: You have sharp fingernails. [demonic
                  | ancestry]
  6136 | D:5      | Reached XP level 9. HP: 46/64 MP: 7/17
  6182 | D:5      | Learned a level 3 spell: Ozocubu's Armour
  6266 | D:5      | Reached skill level 1 in Long Blades
  6274 | D:5      | Learned a level 3 spell: Fugue of the Fallen
  6438 | D:6      | Bought a pair of embroidered gloves for 217 gold pieces
  6618 | D:7      | Reached skill level 1 in Ice Magic
  6860 | D:7      | Noticed a two-headed ogre
  7387 | D:7      | Found an iron altar of Okawaru.
  7503 | D:7      | Noticed Maurice
  7523 | D:7      | Killed Maurice
  7524 | D:7      | Reached skill level 6 in Spellcasting
  7524 | D:7      | Reached skill level 5 in Alchemy
  7940 | D:7      | Killed a two-headed ogre
  7941 | D:7      | Gained mutation: You have very sharp fingernails. [demonic
                  | ancestry]
  7941 | D:7      | Reached XP level 10. HP: 53/73 MP: 1/19
  8102 | D:8      | Noticed Jeremiah
  8114 | D:8      | Killed Jeremiah
  8254 | D:8      | Noticed a two-headed ogre
  8423 | D:8      | Killed a two-headed ogre
  8424 | D:8      | Reached skill level 7 in Spellcasting
  8562 | D:8      | Reached skill level 5 in Dodging
  8626 | D:8      | Noticed an orange demon
  8627 | D:8      | Noticed Amaemon
  8642 | D:8      | Killed an orange demon
  8657 | D:8      | Killed Amaemon
  8822 | D:8      | Found a blossoming altar of Fedhas.
  8969 | D:8      | Reached skill level 5 in Fighting
  9208 | D:8      | Reached skill level 8 in Spellcasting
  9324 | D:8      | Learned a level 4 spell: Sticky Flame
  9329 | D:8      | Learned a level 4 spell: Ignite Poison
  9532 | D:9      | Gained mutation: Your magical and physical power is
                  | slightly enhanced at high health. [demonic ancestry]
  9532 | D:9      | Reached XP level 11. HP: 76/79 MP: 12/23
  9545 | D:9      | Reached skill level 1 in Conjurations
  9773 | D:9      | Found a staircase to the Lair.
  9899 | D:9      | Found an ornate altar of the Wu Jian Council.
 10161 | D:9      | Noticed a two-headed hydra
 10180 | D:9      | Killed a two-headed hydra
 10181 | D:9      | Reached skill level 1 in Fire Magic
 10375 | D:10     | Entered Level 10 of the Dungeon
 10383 | D:10     | Noticed Lodul
 10400 | D:10     | Killed Lodul
 10411 | D:10     | Reached skill level 9 in Spellcasting
 10689 | D:10     | Identified the +2 pair of boots of Sloth {+Inv Will+ Int+3
                  | Slay-5}
 10695 | D:10     | Noticed Erolcha
 10711 | D:10     | Killed Erolcha
 10734 | D:10     | Noticed Joseph
 10850 | D:4      | Bought a manual of Air Magic for 1040 gold pieces
 10854 | D:4      | Learned a level 3 spell: Frozen Ramparts
 11155 | D:10     | Killed Joseph
 11323 | D:10     | Reached skill level 5 in Air Magic
 11377 | D:10     | Found a hide-covered altar of Uskayaw.
 11712 | D:3      | Bought the +1 helmet of Lifelessness {Fly rElec Stlth+} for
                  | 312 gold pieces
 12200 | D:11     | Noticed a two-headed ogre
 12284 | D:11     | Noticed Sonja
 12295 | D:11     | Killed Sonja
 12296 | D:11     | Reached skill level 5 in Ice Magic
 12453 | D:11     | Killed a two-headed ogre
 12454 | D:11     | Gained mutation: Your demonic aura sometimes causes spilled
                  | blood to erupt in flames. [demonic ancestry]
 12454 | D:11     | Reached XP level 12. HP: 71/88 MP: 8/25
 12670 | D:11     | Found an ancient bone altar of Kikubaaqudgha.
 13076 | D:12     | Noticed a four-headed hydra
 13092 | D:12     | Noticed a tengu warrior
 13096 | D:12     | Noticed a centaur warrior
 13097 | D:12     | Noticed an ogre mage
 13097 | D:12     | Noticed a tengu warrior
 13100 | D:12     | Noticed a tengu warrior
 13113 | D:11     | Reached skill level 10 in Spellcasting
 13330 | D:12     | Identified the +9 falchion "Edwal" {flame, rN+}
 13339 | D:12     | Found a staircase to the Orcish Mines.
 13349 | D:12     | Killed a one-headed hydra
 13462 | D:12     | Killed a centaur warrior
 13463 | D:12     | Reached skill level 5 in Shields
 13533 | D:12     | Noticed an ogre mage
 13541 | D:12     | Killed an ogre mage
 13546 | D:12     | Killed an ogre mage
 13556 | D:12     | Killed a tengu warrior
 13571 | D:12     | Found a roughly hewn altar of Beogh.
 13678 | D:12     | Noticed Kirke
 13693 | D:12     | Killed Kirke
 13711 | D:12     | Noticed a centaur warrior
 13717 | D:12     | Killed a centaur warrior
 13718 | D:12     | Reached XP level 13. HP: 95/95 MP: 4/27
 13867 | D:12     | Reached skill level 1 in Throwing
 14078 | D:12     | Identified a scroll of acquirement
 14310 | D:12     | Identified the +0 scale mail of Gehenna {*Slow Will++ rCorr
                  | Int+2}
 14490 | D:12     | Learned a level 5 spell: Freezing Cloud
 14524 | Orc:1    | Entered Level 1 of the Orcish Mines
 14541 | Orc:1    | Reached skill level 11 in Spellcasting
 14681 | Orc:1    | Found a bloodstained altar of Trog.
 14777 | Orc:1    | Noticed Urug
 14794 | Orc:1    | Killed Urug
 14795 | Orc:1    | Reached skill level 5 in Conjurations
 15112 | Orc:1    | Noticed an orc warlord
 15120 | Orc:1    | Noticed an orc warlord
 15129 | Orc:1    | Killed an orc warlord
 15135 | Orc:1    | Reached skill level 5 in Fire Magic
 15149 | Orc:1    | Killed an orc warlord
 15742 | Lair:1   | Entered Level 1 of the Lair of Beasts
 16025 | Lair:1   | Found a shadowy altar of Dithmenos.
 16602 | Lair:1   | Reached XP level 14. HP: 62/104 MP: 0/29
 16896 | Lair:2   | Reached skill level 5 in Long Blades
 17698 | D:4      | Bought a book of Air for 286 gold pieces
 17703 | D:4      | Learned a level 4 spell: Airstrike
 17922 | Lair:3   | Found a staircase to the Swamp.
 18062 | Lair:3   | Reached skill level 12 in Spellcasting
 18388 | Lair:3   | Found a staircase to the Snake Pit.
 18782 | Lair:4   | Found a transporter.
 18782 | Lair:4   | Noticed ragingrage's ghost (journeyman OpGl)
 18817 | Lair:4   | Found a transporter.
 19164 | Lair:4   | Found a viscous altar of Jiyva.
 19165 | Lair:4   | Found a staircase to the Slime Pits.
 19907 | Lair:5   | Entered Level 5 of the Lair of Beasts
 20884 | Lair:5   | Reached skill level 10 in Air Magic
 20943 | Lair:5   | Gained mutation: Your demonic aura often causes spilled
                  | blood to erupt in flames. [demonic ancestry]
 20943 | Lair:5   | Reached XP level 15. HP: 110/112 MP: 1/31
 21271 | Lair:5   | Identified the +8 quarterstaff of Death {heavy, ^Fragile
                  | rF+ Will+}
 21621 | Lair:5   | Noticed Snorg
 21631 | Lair:5   | Killed Snorg
 21892 | Lair:5   | Identified the +6 chain mail of Ybbatwou {rPois rCorr Str-4
                  | Stlth+}
 21951 | Lair:5   | Found a corrupted altar of Lugonu.
 21951 | Lair:5   | Found a one-way gate to the infinite horrors of the Abyss.
 22675 | Orc:2    | Entered Level 2 of the Orcish Mines
 22904 | Orc:2    | Found a runed translucent gate.
 22906 | Orc:2    | Found a runed translucent gate.
 22907 | Orc:2    | Found a runed translucent gate.
 22908 | Orc:2    | Noticed ragingrage's ghost (journeyman BaSh)
 22945 | Orc:2    | Found a roughly hewn altar of Beogh.
 22989 | Orc:2    | Reached skill level 13 in Spellcasting
 23121 | Orc:2    | Found Vidouts's Antique Weapon Shop.
 23146 | Orc:2    | Found a staircase to the Elven Halls.
 23152 | Orc:2    | Found Vuijosuj's General Store.
 23297 | Orc:2    | Bought a scroll of poison for 44 gold pieces
 23359 | Orc:2    | Found Cyoq Xiu's Jewellery Boutique.
 23576 | Orc:2    | Found Galyok's Antique Armour Emporium.
 25607 | D:4      | Bought a manual of Armour for 1040 gold pieces
 26020 | D:13     | Found a gate to the Vaults.
 26252 | D:13     | Found a hazy altar of Hepliaklqana.
 26253 | D:13     | Found a faded altar of an unknown god.
 26376 | D:14     | Found a broken altar of Ashenzari.
 26862 | D:14     | Found a shimmering blue altar of Sif Muna.
 26879 | D:14     | Got Sif Muna's Textbook on the Ground
 27038 | D:14     | Reached XP level 16. HP: 74/111 MP: 33/33
 27104 | D:14     | Identified the +1 leather armour "Feokirra" {rPois Will+
                  | MP+9 Stlth+}
 27365 | D:15     | Entered Level 15 of the Dungeon
 27378 | D:15     | Noticed Louise
 27398 | D:15     | Killed Louise
 27402 | D:15     | Noticed Rupert
 27415 | D:15     | Killed Rupert
 27765 | D:15     | Found a transporter.
 27793 | D:15     | Reached skill level 10 in Fighting
 28113 | D:15     | Noticed Iluat's ghost (journeyman MDFE)
 28174 | D:15     | Reached skill level 14 in Spellcasting
 28254 | D:15     | Found a bloodstained altar of Trog.
 28261 | D:15     | Found a transporter.
 28577 | D:15     | Found a staircase to the Depths.
 29188 | D:4      | Bought a scroll of amnesia for 52 gold pieces
 29196 | D:4      | Bought a manual of Alchemy for 1040 gold pieces
 29196 | D:4      | Bought a scroll of acquirement for 676 gold pieces
 29196 | D:4      | Bought a book of Annihilations for 780 gold pieces
 29205 | D:4      | Acquired a +0 pair of boots of rampaging
 29219 | D:4      | Acquired the amulet of Jonam {Harm RegenMP+ rCorr}
 29443 | Snake:1  | Entered Level 1 of the Snake Pit
 29443 | Snake:1  | Found a runed translucent door.
 29448 | Snake:1  | Noticed draino's ghost (journeyman FeSu)
 29546 | Snake:1  | Found a hazy altar of Hepliaklqana.
 29655 | Snake:1  | Found Yralojow's Tiny Tomes.
 30981 | Snake:2  | Noticed Agnes
 30990 | Snake:1  | Killed Agnes
 31132 | Snake:2  | Noticed Roxanne
 31233 | Snake:2  | You are sucked into a shaft and drop 1 floor!
 31233 | Snake:3  | Noticed Donald
 31239 | Snake:3  | Killed Donald
 31537 | Snake:3  | Noticed Saint Roka
 31537 | Snake:3  | Noticed Vashnia
 31560 | Snake:3  | Killed Saint Roka
 31561 | Snake:3  | Killed Vashnia
 31705 | Snake:3  | Noticed Asterion
 31802 | Snake:2  | Noticed Azrael
 31811 | Snake:2  | Killed Azrael
 31967 | Snake:2  | Reached XP level 17. HP: 102/129 MP: 35/35
 32225 | Snake:2  | Reached skill level 15 in Spellcasting
 32537 | Snake:2  | Reached skill level 5 in Armour
 32694 | Snake:2  | Killed Roxanne
 32930 | Snake:3  | Killed Asterion
 34017 | Snake:4  | Entered Level 4 of the Snake Pit
 34277 | Snake:4  | Identified the serpent talisman "Hinit" {rF- Int+7}
 34277 | Snake:4  | Noticed Aizul
 34292 | Snake:4  | Killed Aizul
 36380 | Snake:4  | Got a serpentine rune of Zot
 36382 | Snake:4  | Got a jade gem with 0 turns to spare
 36830 | Snake:4  | Reached XP level 18. HP: 84/138 MP: 30/37
 37120 | Swamp:1  | Entered Level 1 of the Swamp
 37229 | Swamp:1  | Noticed Frances
 37312 | Swamp:1  | Killed Frances
 37571 | Swamp:1  | Found the Hermit's Pendant {Faith Invo=14 Evo=0 MP+5}
 38210 | Swamp:1  | Upgraded the game from 0.32-a0-909-gc671339a80 to
                  | 0.32-a0-913-g739538afd8
 38232 | Swamp:2  | Reached skill level 16 in Spellcasting
 39232 | Swamp:2  | Noticed Jorgrun
 39237 | Swamp:2  | Killed Jorgrun
 40259 | Swamp:3  | Learned a level 1 spell: Apportation
 40320 | Swamp:3  | Noticed Mlioglotl
 40339 | Swamp:3  | Killed Mlioglotl
 41043 | Swamp:4  | Entered Level 4 of the Swamp
 41305 | Swamp:4  | Found a transporter.
 41308 | Swamp:4  | Found a transporter.
 41326 | Swamp:4  | Noticed Xonepos's ghost (adept MiFi)
 41423 | Swamp:4  | Killed Xonepos's ghost
 41424 | Swamp:4  | Reached skill level 15 in Air Magic
 41658 | Swamp:4  | Reached skill level 1 in Translocations
 41679 | Swamp:4  | Noticed the 27-headed Lernaean hydra
 41683 | Swamp:4  | Killed the 25-headed Lernaean hydra
 41776 | Swamp:4  | Reached skill level 17 in Spellcasting
 42035 | Swamp:4  | Got a decaying rune of Zot
 42438 | Vaults:1 | Entered Level 1 of the Vaults
 42526 | Depths:1 | Entered Level 1 of the Depths
 42540 | D:15     | Bought the +2 ring mail of the Bulwark {rPois Str+3 Int+3
                  | Stlth+} for 609 gold pieces
 42590 | D:15     | Bought a runed double sword for 414 gold pieces
 42624 | D:15     | Bought the +4 leather armour "Zellit" {+Blink rPois Dex+3}
                  | for 790 gold pieces
 42788 | Vaults:1 | Reached skill level 1 in Evocations
 42788 | Vaults:1 | Gained mutation: You have claws for hands. [demonic
                  | ancestry]
 42788 | Vaults:1 | Reached XP level 19. HP: 141/147 MP: 30/40
 42907 | Vaults:1 | Reached skill level 10 in Alchemy
 43323 | Vaults:1 | Annihilated by an orc warlord

Illustrated notes

Levels and vault maps discovered:
D:1:      heliophobic_arrival_enchanted_forest, layout_loops_ring, serial_shops,
          shop
D:2:      layout_basic
D:3:      layout_basic, marbit_many_paths, serial_shops,
          nicolae_shop_tiny_real_fake_doors
D:4:      layout_loops_ring, nicolae_overflow_hidden_temple, old_standard_altar,
          minmay_temple_entry_large_hall, hangedman_decor_growths,
          minmay_fountain_box, nicolae_alphabet_shops,
          kennysheep_generic_room_10
D:5:      layout_rooms, riverfiend_overflow_shadow_ancestor,
          minmay_increasing_density, uniq_ijyb, uniq_pikel
D:6:      minmay_angry_zag, layout_gridville, nicolae_qazlal_general_emergency,
          nicolae_gozag_seed_capital, serial_shops, shop,
          mrwooster_statue_mirror, uniq_duvessa
D:7:      layout_basic, mainiacjoe_overflow_alcove_4,
          mainiacjoe_overflow_six_doors_small, uniq_maurice
D:8:      layout_basic, fedhas_altar_fruit_tree, uniq_jeremiah, uniq_amaemon
D:9:      layout_rooms, nicolae_wu_jian_glorious_leap, david_lair_shrubbed,
          hangedman_ranch
D:10:     layout_long_grid, nicolae_uskayaw_suspiria, uniq_lodul, uniq_joseph,
          uniq_erolcha
D:11:     layout_irregular_city, kennysheep_vampire_church, uniq_sonja
D:12:     minmay_the_grid_square_5x5_4x4_mashed
          [minmay_the_grid_square_5x5_empty, minmay_the_grid_square_5x5_minibox,
          minmay_the_grid_square_5x5_checkered_statues,
          minmay_the_grid_square_5x5_two_walls_b,
          minmay_the_grid_square_5x5_comb,
          minmay_the_grid_square_5x5_prize_open,
          minmay_the_grid_square_5x5_prize_open,
          minmay_the_grid_square_5x5_moneybag, minmay_the_grid_square_5x5_slash,
          minmay_the_grid_square_5x5_prize_junk,
          minmay_the_grid_square_5x5_prize_rear_guard,
          minmay_the_grid_square_5x5_eight, minmay_the_grid_square_5x5_inner_z,
          minmay_the_grid_square_5x5_inverted_slash,
          minmay_the_grid_square_5x5_percent, minmay_the_grid_square_5x5_c],
          layout_cave_pools, minmay_orc_entry_temple_small, serial_column_ruins,
          column_ruins_circle_large, column_ruins_open_small,
          column_ruins_open_tiny, column_ruins_open_medium, column_ruins_grid_1,
          column_ruins_corridor_corner, column_ruins_grid_1,
          column_ruins_columns_straight, uniq_kirke
D:13:     layout_basic, hangedman_vaults_entry_quadrant_bands,
          gauntlet_entry_generic, beargit_hepliaklqana_dungeon_heroes
D:14:     layout_basic, nicolae_ashenzari_skybound, led_sif_book
D:15:     grunt_enter_depths_snipers, layout_rooms,
          gammafunk_ghost_wrathful_warriors, uniq_louise, uniq_rupert
Temple:   eino_temple_lava
Lair:1:   lemuel_slime, layout_loops_ring, basic_altar,
          chequers_serial_rivers_marsh
Lair:2:   minmay_lair_venomous_thicket, layout_cave_shapes, serial_forest,
          infiniplex_forest_zigzag_2, infiniplex_forest_lined_4_way,
          infiniplex_forest_3_way, infiniplex_forest_lined_4_way,
          infiniplex_forest_lined_3_way, infiniplex_forest_straight_2,
          infiniplex_forest_clump_curved, infiniplex_staircase_pool_2
Lair:3:   layout_roguey, minmay_swamp_entry_swarm,
          nicolae_snake_entry_warm_welcome
Lair:4:   layout_hall_layers, minmay_slime_entry_pillars, gammafunk_ghost_arena
Lair:5:   hellmonk_lair_end_abyssal_woods, layout_concentric_octagons,
          serial_bayou_shore_b, uniq_snorg
Swamp:1:  layout_falls_marsh, nicolae_swamp_feature_on_the_river_bank,
          swamp_pool_1_2, infiniplex_staircase_pool, uniq_frances
Swamp:2:  layout_basic_swamp, nicolae_swamp_very_dense_foliage, uniq_jorgrun
Swamp:3:  layout_basic_swamp, serial_swamp_ruin, evilmike_swamp_ruin_house_3,
          evilmike_swamp_ruin_house_6, swamp_pool_3, uniq_mlioglotl
Swamp:4:  swamp_old_school, layout_basic_swamp, gammafunk_ghost_mausoleum
Snake:1:  layout_chambers, basic_altar, ebering_ghost_reflecting_pool,
          nicolae_shop_i_like_small_books_too
Snake:2:  layout_misc_corridors, serial_bayou_shore_a, uniq_azrael,
          uniq_roxanne, uniq_agnes
Snake:3:  layout_onion, uniq_vashnia, uniq_asterion, uniq_saint_roka,
          uniq_donald
Snake:4:  grunt_snake_rune_spirals, layout_onion, basic_altar,
          corexii_hall_statues_x, uniq_aizul
Orc:1:    layout_caves, lemuel_statue_altar, nicolae_orc_stalacmites,
          minmay_orc_treasury, uniq_urug
Orc:2:    grunt_orc_gardens, layout_caves, grunt_orc_garden, grunt_orc_garden,
          grunt_orc_garden, grunt_orc_garden, gammafunk_ghost_necromancy,
          nicolae_orc_beogh_chapel
Vaults:1: grunt_vaults_diagonal, nicolae_vaults_house_3, nooodl_orcs_dogs,
          ontoclasm_vaults_hangar, nicolae_vaults_trapezoid_1, v_misc_30,
          ontoclasm_vaults_ring_large, v_rooms_6, serial_ice_h,
          hangedman_vaults_stitches, nicolae_vaults_trapezoid_lopsided_2,
          v_misc_15, nicolae_vaults_two_Ls, nicolae_vaults_puzzle_piece,
          nicolae_vaults_trapezoid_2, v_alt_pattern_4, layout_vaults_omnibox
Depths:1: layout_long_grid, enter_ziggurat_b, grunt_pan_entry_in_and_out,
          trog_three_pillars_becter, hell_entry,
          hangedman_abyss_or_decor_stagger, nicolae_danse_macabre,
          kennysheep_random_hallway, uniq_sojobo

Skill      XL: |  1  2  3  4  5  6  7  8  9 10 11 12 13 14 15 16 17 18 19 |
---------------+----------------------------------------------------------+-----
Shields        | 2 3 4 5 6 7 8 9 |  9.6
Necromancy     | 1 2 3 4 5 6 7 8 |  8.1
Air Magic      | 1 2 3 4 5 6 8 10 11 12 13 15 | 15.5
Fighting       | 2 3 4 5 6 7 8 9 10 11 12 | 12.5
Alchemy        | 1 3 4 5 6 7 8 9 10 | 10.1
Armour         | 1 2 4 7 |  7.0
Spellcasting   | 4 5 6 8 9 10 11 12 13 14 15 17 | 17.2
Short Blades   | 1 2 3 |  3.0
Dodging        | 4 5 6 7 |  7.3
Stealth        | 1 2 3 4 |  4.5
Long Blades    | 1 3 4 5 6 7 |  7.3
Ice Magic      | 2 3 5 7 8 9 |  9.4
Conjurations   | 3 4 5 7 8 |  8.6
Fire Magic     | 2 4 5 6 7 |  7.2
Throwing       | 1 2 3 |  3.5
Translocations | 1 |  1.8
Evocations     | 1 2 |  2.0
Staves         | |  0.8
Unarmed Combat | |  0.1

Action                     |  1- 3 |  4- 6 |  7- 9 | 10-12 | 13-15 | 16-18 | 19-21 || total
---------------------------+-------+-------+-------+-------+-------+-------+-------++-------
  Melee: Staff             |   137 |    40 |    12 |       |       |     1 |       ||   190
         Club              |    18 |       |       |       |       |       |       ||    18
         Dagger            |     5 |   134 |   368 |   222 |    32 |    54 |       ||   815
         Long sword        |       |     9 |    42 |   103 |    24 |     3 |       ||   181
         Unarmed           |       |       |     4 |       |       |       |       ||     4
         Trident           |       |       |       |    20 |       |     5 |       ||    25
         Falchion          |       |       |       |    67 |   610 |   453 |    22 ||  1152
  Throw: Dart              |     2 |    10 |    18 |     6 |    25 |    10 |     3 ||    74
         Throwing net      |       |       |       |     1 |       |       |       ||     1
         Boomerang         |       |       |       |       |   119 |    97 |     6 ||   222
   Cast: Mercury Vapours   |     8 |    16 |    90 |    31 |    26 |    11 |     3 ||   185
         Vampiric Draining |       |     9 |    13 |    19 |    12 |     6 |       ||    59
         Olgreb's Toxic Ra |       |       |     1 |    52 |    81 |    15 |     5 ||   154
         Ozocubu's Armour  |       |       |       |    11 |    57 |    67 |     3 ||   138
         Fugue of the Fall |       |       |       |    10 |    27 |    12 |     3 ||    52
         Sticky Flame      |       |       |       |     8 |     4 |    41 |     1 ||    54
         Frozen Ramparts   |       |       |       |     5 |    46 |    69 |     1 ||   121
         Ignite Poison     |       |       |       |     1 |    11 |    14 |     4 ||    30
         Freezing Cloud    |       |       |       |       |    40 |    76 |     1 ||   117
         Airstrike         |       |       |       |       |     2 |    65 |       ||    67
         Apportation       |       |       |       |       |       |    61 |     4 ||    65
 Invoke: Call Merchant     |       |       |       |       |       |     5 |       ||     5
  Evoke: Wand              |       |       |     4 |     4 |     2 |     1 |       ||    11
         Lightning rod     |       |       |       |       |       |     2 |       ||     2
    Use: Scroll            |     3 |     4 |     6 |     6 |    15 |     9 |       ||    43
         Potion            |       |       |       |     2 |     2 |    11 |       ||    15
   Stab: Sleeping          |       |     2 |       |     1 |     6 |    22 |       ||    31
         Invisible         |       |       |     1 |       |       |       |       ||     1
         Distracted        |       |       |       |     2 |     2 |     1 |       ||     5
         Held in net/web   |       |       |       |     1 |       |       |       ||     1
 Armour: Leather armour    |    83 |   108 |   209 |       |       |   519 |    56 ||   975
         Robe              |       |       |    92 |   371 |   572 |     2 |       ||  1037
         Skin              |       |       |     1 |       |       |       |       ||     1
  Dodge: Dodged            |    82 |   108 |   250 |   241 |   332 |   177 |    14 ||  1204
  Block: Buckler           |    59 |    75 |   178 |   298 |   441 |       |       ||  1051
         Reflection        |       |       |       |    18 |    33 |    87 |     6 ||   144
         Tower shield      |       |       |       |       |   113 |   805 |    68 ||   986

Table legend: (Time is in decaauts)
 A = Elapsed time spent in this place.
 B = Non-inter-level travel time spent in this place.
 C = Inter-level travel time spent in this place.
 D = Time resting spent in this place.
 E = Time spent auto-exploring this place.
 F = Levels seen in this place.
 G = Mean time per level.
                   A        B        C        D        E       F      G
               +--------+--------+--------+--------+--------+-----+--------+
         Total |  43672 |  39878 |   3794 |  11677 |   9274 |  33 | 1323.4 |
       Dungeon |  20869 |  18060 |   2809 |   4129 |   4727 |  15 | 1391.3 |
        Temple |      1 |      1 |      0 |      0 |      0 |   1 |    1.0 |
          Lair |   6878 |   6372 |    506 |   1720 |   1554 |   5 | 1375.6 |
         Swamp |   5069 |   5012 |     57 |   2069 |   1050 |   4 | 1267.2 |
     Snake Pit |   7702 |   7447 |    255 |   3097 |   1056 |   4 | 1925.5 |
  Orcish Mines |   2495 |   2334 |    161 |    519 |    768 |   2 | 1247.5 |
        Vaults |    653 |    651 |      2 |    141 |    119 |   1 |  653.0 |
        Depths |      1 |      1 |      0 |      0 |      0 |   1 |    1.0 |
               +--------+--------+--------+--------+--------+-----+--------+

Top non-repeatable levels by time:
 Snake:4: 3036 daAuts
     D:7: 2052 daAuts
  Lair:4: 1967 daAuts
  Lair:5: 1880 daAuts
    D:13: 1848 daAuts
 Swamp:2: 1735 daAuts
 Snake:1: 1670 daAuts
     D:6: 1660 daAuts
 Snake:3: 1612 daAuts
    D:15: 1541 daAuts
     D:9: 1533 daAuts
    D:11: 1519 daAuts
    D:14: 1414 daAuts
    D:12: 1391 daAuts
 Snake:2: 1383 daAuts
